 Dungeon Crawl Stone Soup version 0.29-a0-334-gb41bcbb86e (webtiles) character file.

Game seed: 9207198153519948634

7 Jortsu the Skirmisher (level 2, -2/27 HPs)
             Began as a Hill Orc Fighter on Apr 14, 2022.
             Succumbed to a kobold's poison
             ... on level 1 of the Dungeon.
             The game lasted 00:00:22 (493 turns).

Jortsu the Skirmisher (Hill Orc Fighter)             Turns: 493, Time: 00:00:23

Health: -2/27      AC:  9    Str: 18    XL:     2   Next: 0%
Magic:  2/2        EV:  6    Int:  8    God:
Gold:   38         SH:  4    Dex: 10    Spells: 1/1 levels left

rFire   . . .      SeeInvis .   a - +0 war axe
rCold   . . .      Faith    .   c - +0 buckler
rNeg    . . .      Spirit   .   f - +0 chain mail
rPois   .          Reflect  .   (no helmet)
rElec   .          Harm     .   (no cloak)
rCorr   .          Rampage  .   (no gloves)
Will    .....                   (no boots)
Stlth   ..........              (no amulet)
HPRegen 0.09/turn               (no ring)
MPRegen 0.08/turn               (no ring)

@: lethally poisoned (-2 -> -24)
A: no striking features
a: no special abilities


You were on level 1 of the Dungeon.
You visited 1 branch of the dungeon, and saw 1 of its levels.

You collected 38 gold pieces.

Inventory:

Hand Weapons
 a - a +0 war axe (weapon)
Armour
 b - a +0 scale mail
 c - a +0 buckler (worn)
 f - a +0 chain mail (worn)
Scrolls
 e - a scroll of enchant weapon {unknown}
Potions
 d - a potion of might


   Skills:
 + Level 3.8 Fighting
 + Level 2.8 Axes
 + Level 3.4 Armour
 + Level 3.4 Shields


You had one spell level left.
You didn't know any spells.
Your spell library contained the following spells:

 Spells                   Type           Power      Damage    Failure   Level
 Ozocubu's Armour         Ice            0%         N/A       100%        3
 Ozocubu's Refrigeration  Ice            0%         4d5       100%        7


Dungeon Overview and Level Annotations

Branches:
Dungeon (1/15)

Altars:


Message History

Found 16 stones and 7 gold pieces.
A goblin comes into view. It is wielding a +0 dagger.
Found a large jade ring, a ring mail and a ruby potion.
The goblin shouts!
You hear a shout!
You block the rat's attack.
A kobold comes into view. It is wielding a +0 dagger of venom.
You hit the rat.
The rat is severely wounded.
The rat barely misses you.
A rat comes into view.
You hit the rat.
You kill the rat!
The kobold hits you with a +0 dagger of venom.
You are poisoned.
You closely miss the kobold.
You feel very sick. The kobold hits you but does no damage.
You are lethally poisoned!
You hit the kobold.
The kobold is heavily wounded.
You feel very sick. The kobold barely misses you.
You closely miss the kobold.
The kobold is heavily wounded.
You hit the goblin.
You kill the goblin!
You feel very sick. The kobold completely misses you.
The kobold hits you but does no damage.
You are more poisoned.
You have reached level 2!
You hit the kobold but do no damage.
The kobold is heavily wounded.
* * * LOW HITPOINT WARNING * * *
You feel very sick.
The kobold hits you with a +0 dagger of venom.
* * * LOW HITPOINT WARNING * * *
You are more poisoned.
You barely miss the kobold.
The kobold is heavily wounded.
You die...

...#.#..#
.#######....####
........###....#
#####.##.#..##.#
# ##.#.# # #.#.#
#.#.# #.#.##.#
#@.....#
#rK)..#..#
....##..# #
#=.##..#....
##.#(.##.....
#.##.......##
#....#.#$...
.......#.[..!


You could see a kobold and a rat.

Vanquished Creatures
  2 endoplasms (D:1)
  A goblin (D:1)
  A quokka (D:1)
  2 rats (D:1)
6 creatures vanquished.

Vanquished Creatures (others)
  2 fungi (D:1)
  4 toadstools (D:1)
6 creatures vanquished.

Grand Total: 12 creatures vanquished

Notes
Turn   | Place    | Note
-------+----------+-------------------------------------------
     0 | D:1      | Jortsu the Hill Orc Fighter began the quest for the Orb.
     0 | D:1      | Reached XP level 1. HP: 19/19 MP: 1/1
   492 | D:1      | Reached XP level 2. HP: 10/27 MP: 2/2
   493 | D:1      | Succumbed to a kobold's poison

Illustrated notes

Levels and vault maps discovered:
D:1:      ldierk_walled_garden_2, layout_loops_ring,
          dreamdust_mushroom_princess, roderic_roman_lattice,
          minmay_pentomino_u2

Action                   || total
-------------------------++-------
Melee: War axe           ||    18
Armor: Scale mail        ||     3
       Chain mail        ||     2
Dodge: Dodged            ||     5
Block: Buckler           ||     2

Table legend: (Time is in decaauts)
 A = Elapsed time spent in this place.
 B = Non-inter-level travel time spent in this place.
 C = Inter-level travel time spent in this place.
 D = Time resting spent in this place.
 E = Time spent auto-exploring this place.
 F = Levels seen in this place.
 G = Mean time per level.
                   A        B        C        D        E       F      G
               +--------+--------+--------+--------+--------+-----+--------+
         Total |    499 |    499 |      0 |      0 |    429 |   1 |  499.0 |
       Dungeon |    499 |    499 |      0 |      0 |    429 |   1 |  499.0 |
               +--------+--------+--------+--------+--------+-----+--------+

Top non-repeatable levels by time:
     D:1: 499 daAuts
